 Dungeon Crawl Stone Soup version 0.20.1-1-g8b1a95d (webtiles) character file.

12494 davethebfg the Spear-Bearer (level 11, 0/100 HPs)
             Began as a Hill Orc Berserker on Aug 12, 2017.
             Was a High Priest of Trog.
             Slain by a spiny frog (11 damage)
             ... on level 1 of the Lair of Beasts.
             The game lasted 01:46:25 (13731 turns).

davethebfg the Spear-Bearer (Hill Orc Berserker)   Turns: 13731, Time: 01:46:26

Health: 0/100      AC: 17    Str: 22    XL:     11   Next: 94%
Magic:  11/11      EV:  9    Int:  7    God:    Trog [*****.]
Gold:   643        SH:  0    Dex: 14    Spells: 10/10 levels left

rFire    . . .     SeeInvis .   n - +4 battleaxe (curse)
rCold    . . .     Gourm    +   (shield currently unavailable)
rNeg     + . .     Faith    .   a - +0 plate armour
rPois    .         Spirit   .   (helmet restricted)
rElec    .         Reflect  .   (no cloak)
rCorr    .         Harm     .   t - +2 pair of gloves
MR       .....                  (no boots)
Stlth    ..........             c - amulet of the gourmand
Regen    0.3/turn               f - +2 ring of slaying
MPRegen  0.2/turn               q - ring of Mistrust {rN+ Slay+3 Stlth+}

@: lethally poisoned (0 -> -22)
A: antennae 1, agile 1, sturdy frame 1
a: Berserk, Trog's Hand, Brothers in Arms, Burn Spellbooks, Renounce Religion


You were on level 1 of the Lair of Beasts.
You worshipped Trog.
Trog was extremely pleased with you.
You were not hungry.

You visited 3 branches of the dungeon, and saw 11 of its levels.

You collected 643 gold pieces.

Inventory:

Hand Weapons
 b - a +4 halberd of protection
 n - a cursed +4 battleaxe (weapon)
 r - a +0 scimitar of flaming
 w - a +2 great sword of holy wrath
 H - a +1 trident of venom
Armour
 a - a +0 plate armour (worn)
 t - a +2 pair of gloves (worn)
Magical Staves
 k - an uncursed staff of cold
Jewellery
 c - an amulet of the gourmand (around neck)
 f - a +2 ring of slaying (left hand)
 q - the ring of Mistrust (right hand) {rN+ Slay+3 Stlth+}
   (You found it on level 7 of the Dungeon)

   [ring of stealth]

   It affects your accuracy and damage with ranged weapons and melee attacks
   (+3).
   It protects you from negative energy.
   It makes you more stealthy.
Wands
 x - a wand of polymorph (13/24)
 y - a wand of polymorph (17/24)
 A - a wand of digging (11/24)
 G - a wand of random effects (19/48)
 J - a wand of paralysis (15/24)
 L - a wand of disintegration (6/24)
 M - a wand of disintegration (7/24)
Scrolls
 i - a scroll of teleportation
 o - a scroll of fog
 D - 4 scrolls of recharging
Potions
 e - 2 potions of haste
 j - a potion of brilliance
 z - a potion of berserk rage
 F - a potion of curing
 K - a potion of might
Books
 h - a book of Conjurations

   Spells                             Type                      Level
   a - Magic Dart                     Conjuration                  1
   b - Searing Ray                    Conjuration                  2
   c - Dazzling Spray                 Conjuration/Hexes            3
   d - Fulminant Prism                Conjuration/Hexes            4
   e - Force Lance                    Conjuration/Translocation    4
   f - Iskenderun's Mystic Blast      Conjuration                  4
   Trog disapproves of the use of such an item.
Miscellaneous
 I - a sack of spiders
Comestibles
 l - 5 royal jellies
 m - 6 bread rations


   Skills:
 + Level 10.3 Fighting
   Level 5.6(5.9) Short Blades
 + Level 3.0(5.0) Long Blades
 + Level 0.6(10.5) Axes
   Level 4.6(4.7) Maces & Flails
 + Level 12.7 Polearms
 + Level 9.9 Armour
 + Level 3.0 Dodging
 + Level 1.3 Stealth
 + Level 0.2 Evocations


You had 10 spell levels left.
You didn't know any spells.

Dungeon Overview and Level Annotations

Branches:
Dungeon (9/15)             Temple (1/1) D:4            Lair (1/6) D:9
    Orc: D:9-12

Altars:
Ashenzari
Cheibriados
Dithmenos
Elyvilon
Fedhas
Gozag
Hepliaklqana
Kikubaaqudgha
Makhleb
Nemelex Xobeh
Okawaru
Qazlal
Ru
Sif Muna
Trog
Uskayaw
Vehumet
Xom
Yredelemnul
Zin
The Shining One

Shops:
D:5 *

Annotations:
Lair:1 exclusion: 3 oklob plants


Innate Abilities, Weirdness & Mutations

You have a pair of small antennae on your head.
You are agile. (Dex +2)
Your movements are slightly less encumbered by armour. (ER -2)


Message History

You slice the spiny frog!!
The spiny frog is heavily wounded.
The spiny frog stings you!
You are poisoned.
The spiny frog poisons you! The spiny frog barely misses you.
You slash the spiny frog!
The spiny frog is severely wounded.
You feel sick. The spiny frog stings you!
You hit the spiny frog.
The spiny frog is severely wounded.
You feel sick. The spiny frog stings you!
* * * LOW HITPOINT WARNING * * *
You are lethally poisoned!
The spiny frog poisons you!
You hit the spiny frog.
The spiny frog is severely wounded.
* * * LOW HITPOINT WARNING * * *
You feel very sick. The spiny frog stings you!
You die...

♣P♣P♣.♣..♣♣.♣F♣♣♣♣♣♣.............
♣♣.♣.♣♣♣♣.♣.♣.♣P.♣♣♣.............
.♣.♣.P .♣.♣♣.P♣♣...............
.♣♣♣♣♣.♣ ♣.♣.♣.♣♣♣.#.###.....####
♣♣♣ ♣♣♣♣♣.♣♣♣.♣.♣♣.....#.....####
..♣♣.♣♣♣♣♣ ♣♣♣♣.............##..
........♣♣♣.♣♣..†......#.....#...
..#.............F......#.....##..
..........#....#@......#.....##..
..#.........P..#...>.............
.........P.≈.P.........#.....####
..#..... ≈.P≈.≈........#......###
..#.P###.≈≈≈P≈≈.##.###.#.........
........P≈≈≈≈≈...................
.........≈.≈≈.≈....>.............
..........≈≈≈≈≈P.................
..###.#..≈≈≈≈≈≈.####.####........


You could see a spiny frog.

Vanquished Creatures
  Erica (D:8)
  The ghost of Mesmaeker13 the Purifying Dwarf, a novice DDFi of Elyvilon (D:9)
  2 two-headed ogres (D:9)
  An elephant (Lair:1)
  A black mamba (Lair:1)
  5 spiny frogs (Lair:1)
  A hornet (D:8)
  2 trolls (D:9)
  Prince Ribbit (D:9)
  8 hippogriffs
  A yak (Lair:1)
  A hungry ghost (D:9)
  2 wargs (D:9)
  3 water moccasins
  3 porcupines (Lair:1)
  2 orc warriors (D:9)
  An ice beast (D:5)
  5 ogres
  A black bear (D:7)
  2 centaurs
  Blork the orc (D:6)
  6 crocodiles
  9 bullfrogs
  2 scorpions
  6 killer bees
  3 wights (D:7)
  A howler monkey (D:6)
  3 crimson imps
  A quasit (D:6)
  4 hounds
  3 jellies
  An orc priest (D:9)
  3 bullfrog skeletons
  A centaur skeleton (D:3)
  Terence (D:2)
  14 orc wizards
  3 worker ants
  A hound zombie (D:5)
  A hound skeleton (D:5)
  A howler monkey skeleton (D:4)
  Robin (D:3)
  A worker ant zombie (D:8)
  16 gnolls
  A river rat (D:5)
  10 adders
  3 oozes
  2 adder zombies (D:5)
  3 adder skeletons
  A worm (D:5)
  4 dart slugs
  5 leopard geckos
  50 orcs
  8 giant cockroaches
  12 goblins
  5 hobgoblins
  12 jackals
  6 quokkas
  A ball python (D:3)
  11 bats
  12 frilled lizards
  4 kobolds
  A quokka zombie (D:5)
  11 rats
289 creatures vanquished.

Vanquished Creatures (collateral kills)
  Pikel (D:6)
1 creature vanquished.

Vanquished Creatures (others)
  Eustachio (D:6)
  A slave (D:6)
  A phantom (D:6)
  A bullfrog skeleton (D:6)
  A worker ant (D:6)
  2 shadow imps (D:6)
  4 fungi (Lair:1)
  18 plants (Lair:1)
29 creatures vanquished.

Grand Total: 319 creatures vanquished

Notes
Turn   | Place    | Note
-------+----------+-------------------------------------------
     0 | D:1      | davethebfg the Hill Orc Berserker began the quest for the Orb.
     0 | D:1      | Reached XP level 1. HP: 19/19 MP: 1/1
   279 | D:1      | Reached XP level 2. HP: 19/27 MP: 2/2
   777 | D:1      | Reached ** piety under Trog
   897 | D:1      | Reached XP level 3. HP: 33/33 MP: 3/3
  1265 | D:2      | Reached XP level 4. HP: 29/41 MP: 4/4
  1270 | D:2      | Noticed Terence
  1282 | D:2      | Killed Terence
  1327 | D:2      | Reached skill level 1 in Short Blades
  1744 | D:3      | Reached XP level 5. HP: 47/47 MP: 5/5
  1827 | D:3      | Gained mutation: Your magical capacity is low. (-10% MP) [potion of mutation]
  1827 | D:3      | Gained mutation: You are clumsy. (Dex -2) [potion of mutation]
  1827 | D:3      | Gained mutation: You have a pair of small antennae on your head. [potion of mutation]
  1828 | D:3      | Lost mutation: You are clumsy. (Dex -2) [potion of mutation]
  1828 | D:3      | Lost mutation: You have a pair of small antennae on your head. [potion of mutation]
  1828 | D:3      | Lost mutation: Your magical capacity is low. (-10% MP) [potion of mutation]
  1828 | D:3      | Gained mutation: Your movements are slightly less encumbered by armour. (ER -2) [potion of mutation]
  1828 | D:3      | Gained mutation: You have a pair of small antennae on your head. [potion of mutation]
  1828 | D:3      | Gained mutation: You are agile. (Dex +2) [potion of mutation]
  1929 | D:3      | Noticed Robin
  1959 | D:3      | Killed Robin
  1962 | D:3      | Reached *** piety under Trog
  2568 | D:3      | Reached XP level 6. HP: 51/53 MP: 6/6
  3195 | D:4      | Found a staircase to the Ecumenical Temple.
  3266 | D:4      | Reached **** piety under Trog
  3375 | D:4      | Reached skill level 5 in Fighting
  3586 | D:4      | Reached XP level 7. HP: 51/61 MP: 7/7
  4311 | Temple   | Entered the Ecumenical Temple
  4652 | D:5      | Entered Level 5 of the Dungeon
  4721 | D:5      | Found Ycugeos's General Store.
  4947 | D:5      | Reached skill level 1 in Stealth
  5247 | D:5      | Reached skill level 5 in Short Blades
  5247 | D:5      | Reached XP level 8. HP: 69/69 MP: 8/8
  5328 | D:5      | Reached skill level 5 in Armour
  6033 | D:5      | Reached skill level 1 in Polearms
  6346 | D:6      | Noticed Pikel
  6357 | D:6      | Killed Pikel
  6357 | D:6      | Reached skill level 4 in Polearms
  6453 | D:6      | Killed Eustachio
  6586 | D:6      | Noticed Blork the orc
  6596 | D:6      | Killed Blork the orc
  6818 | D:6      | Reached skill level 5 in Polearms
  7025 | D:6      | Reached XP level 9. HP: 78/78 MP: 9/9
  7688 | D:7      | Reached skill level 6 in Polearms
  8204 | D:7      | Reached skill level 7 in Polearms
  8640 | D:7      | Got a steaming tin ring
  8845 | D:8      | Reached ***** piety under Trog
  8860 | D:8      | Reached skill level 8 in Polearms
  8935 | D:8      | Noticed Erica
  8949 | D:8      | Noticed a hornet
  8953 | D:8      | Killed Erica
  8953 | D:8      | Reached skill level 9 in Polearms
  8953 | D:8      | Reached XP level 10. HP: 59/88 MP: 10/10
  9431 | D:9      | Reached skill level 10 in Polearms
  9659 | D:9      | Received a gift from Trog
  9739 | D:9      | Reached skill level 1 in Long Blades
  9752 | D:9      | Noticed Mesmaeker13's ghost (novice DDFi)
 10113 | D:9      | Killed Mesmaeker13's ghost
 10270 | D:9      | Found a staircase to the Lair.
 10532 | D:9      | Noticed a two-headed ogre
 10546 | D:9      | Killed a two-headed ogre
 10546 | D:9      | Reached skill level 11 in Polearms
 10546 | D:9      | Reached XP level 11. HP: 23/97 MP: 11/11
 10993 | D:9      | Noticed Prince Ribbit
 11012 | D:9      | Killed Prince Ribbit
 11230 | D:9      | Noticed a two-headed ogre
 11240 | D:9      | Killed a two-headed ogre
 11358 | D:9      | Noticed a cyclops
 11689 | Lair:1   | Entered Level 1 of the Lair of Beasts
 11689 | Lair:1   | Noticed an oklob plant
 11689 | Lair:1   | Noticed an oklob plant
 11689 | Lair:1   | Noticed an oklob plant
 11950 | Lair:1   | Reached skill level 12 in Polearms
 12423 | Lair:1   | Reached skill level 10 in Fighting
 12987 | Lair:1   | Noticed a four-headed hydra
 13527 | Lair:1   | Identified the ring of Mistrust {rN+ Slay+3 Stlth+} (You found it on level 7 of the Dungeon)
 13731 | Lair:1   | Slain by a spiny frog

Skill      XL: |  1  2  3  4  5  6  7  8  9 10 11 |
---------------+----------------------------------+-----
Fighting       | 4 5 6 7 9 10 | 10.3
Maces & Flails | 4 |  4.6
Dodging        | 2 3 |  3.0
Short Blades   | 1 2 3 5 |  5.6
Armour         | 3 4 5 7 8 9 |  9.9
Stealth        | 1 |  1.3
Polearms       | 5 9 11 12 | 12.7
Long Blades    | 3 |  3.0
Axes           | |  0.6
Evocations     | |  0.2

Action                   |  1- 3 |  4- 6 |  7- 9 | 10-12 || total
-------------------------+-------+-------+-------+-------++-------
Melee: Mace              |    17 |       |       |       ||    17
       Dagger            |    74 |   419 |   181 |       ||   674
       Short sword       |     5 |       |       |       ||     5
       Halberd           |       |       |   296 |   398 ||   694
       Great sword       |       |       |       |    42 ||    42
       Battleaxe         |       |       |       |    13 ||    13
Invok: Burn Spellbooks   |       |     1 |     2 |       ||     3
       Trog's Hand       |       |     1 |       |       ||     1
       Brothers in Arms  |       |       |     1 |       ||     1
Evoke: Wand              |       |       |       |     3 ||     3
  Use: Potion            |     5 |     7 |     4 |     2 ||    18
       Scroll            |     5 |     5 |    11 |     8 ||    29
  Eat: Bread ration      |     1 |       |       |       ||     1
       Meat ration       |       |     1 |     4 |     3 ||     8
       Fruit             |       |       |       |     4 ||     4
Armor: Robe              |    14 |     1 |       |       ||    15
       Ring mail         |       |    71 |       |       ||    71
       Plate armour      |       |    93 |   344 |   355 ||   792
Dodge: Dodged            |    52 |   172 |   236 |   225 ||   685
       Rpst.: Great sword |       |       |       |     8 ||     8
